Cogmind - Beta 10.2 @@@ ROGUE MODE // 2021.12.09 @ 20:14:24 Player: Azken Zutik Result: Destroyed by as-60440 with Assembled Heavy Rifle Performance ------------- Evolutions (0) 0 Regions Visited (4) 800 Robots Destroyed (25) 125 Value Destroyed (556) 556 Prototype IDs (2) 40 Alien Tech Used (0) 0 Bonus (0) 0 TOTAL SCORE: 1521 Bonus ------- None Cogmind --------- Core Integrity 0/250 Matter 122/300 Energy 265/265 System Corruption 0% Temperature Cool (0) Movement Treading (180) Ox1 Location -9/Mines Parts ------- > --- POWER (1) -------- Improved Ion Engine > --- PROPULSION (2) --- Light Treads Light Treads > --- UTILITY (2) ------ Large Storage Unit Large Storage Unit > --- WEAPON (2) ------- Light Assault Rifle Mini Grenade Launcher > --- INVENTORY (16) --- Improved Ion Engine Improved Heat Sink Large Storage Unit Large Storage Unit High-capacity Matter Pod (200) Particle Gun Beam Cannon Beam Cannon Assault Rifle Light Assault Rifle Light Assault Rifle Light Assault Rifle Light Assault Rifle Mini Grenade Launcher Mining Laser Mining Claw Peak State ------------ > --- POWER ------------ Improved Ion Engine > --- PROPULSION ------- Light Treads Light Treads > --- UTILITY ---------- Large Storage Unit Large Storage Unit > --- WEAPON ----------- Light Assault Rifle Mini Grenade Launcher > --- INVENTORY -------- Improved Ion Engine Improved Heat Sink Large Storage Unit Large Storage Unit High-capacity Matter Pod Particle Gun Beam Cannon Beam Cannon Assault Rifle Light Assault Rifle Light Assault Rifle Light Assault Rifle Light Assault Rifle Mini Grenade Launcher Mining Laser Mining Claw [Rating: 11] Favorites ----------- Power Improved Ion Engine Engine Improved Ion Engine Propulsion Light Treads Treads Light Treads Utility Large Storage Unit Storage Large Storage Unit Weapon Light Assault Rifle Energy Gun Medium Laser Ballistic Gun Light Assault Rifle Launcher Mini Grenade Launcher Build | -11 -10 -10 -10 -9 ------- Run | Scr Mat Min Exi Min Slots Evolved . | . . . . . Power . | . . . . . Propulsion . | . . . . . Utility . | . . . . . Weapon . | . . . . . Parts Attached 19 | 6 13 . . . Power 4 | 1 3 . . . Engine 4 | 1 3 . . . Core . | . . . . . Reactor . | . . . . . Propulsion 5 | 2 3 . . . Treads 5 | 2 3 . . . Leg . | . . . . . Wheel . | . . . . . Hover . | . . . . . Flight . | . . . . . Utility 3 | 1 2 . . . Device . | . . . . . Storage 3 | 1 2 . . . Processor . | . . . . . Hackware . | . . . . . Protection . | . . . . . Artifact . | . . . . . Weapon 7 | 2 5 . . . Energy Gun 2 | 1 1 . . . Energy Cannon . | . . . . . Ballistic Gun 4 | 1 3 . . . Ballistic Cannon . | . . . . . Launcher 1 | . 1 . . . Special Weapon . | . . . . . Impact Weapon . | . . . . . Slashing Weapon . | . . . . . Piercing Weapon . | . . . . . Special Melee Weapon . | . . . . . Unidentified Prototypes . | . . . . . Parts Lost 3 | . 3 . . . Power 1 | . 1 . . . Propulsion 1 | . 1 . . . Utility . | . . . . . Weapon 1 | . 1 . . . Highest Loss Streak 1 | . 1 . . . Average Slot Usage (%) 89 | . 84 100 100 100 Engine 14 | . 14 14 14 14 Treads 23 | . 21 28 28 28 Storage 22 | . 20 28 28 28 Energy Gun 7 | . 11 . . . Ballistic Gun 15 | . 16 14 14 14 Launcher 4 | . . 14 14 14 Naked Turns . | . . . . . Heaviest Build 42 | 9 42 41 41 41 Greatest Support 40 | 40 40 40 40 40 Greatest Overweight (x) 12 | . 12 1 1 1 Average Overweight (x) . | . . 1 1 1 Largest Inventory Capacity 16 | 6 16 16 16 16 Average Capacity 11 | 5 9 16 16 16 Most Carried 16 | 6 16 16 16 16 Average Carried 10 | 3 8 16 16 16 Final Capacity 16 | 6 16 16 16 16 Final Carried 16 | 6 16 16 16 16 Class Distribution -------------------- 100% | Mutant Dominant Class ---------------- Mutant | -10/Materials Mutant | -10/Mines Mutant | -10/Exiles Mutant | -9/Mines Resources | -11 -10 -10 -10 -9 ----------- Run | Scr Mat Min Exi Min Matter Collected 672 | 372 300 . . . Remotely . | . . . . . Salvage Created 753 | 167 562 11 . 13 Parts 63 | 18 41 4 . . Haulers Intercepted 1 | . 1 . . . Recyclers Shooed . | . . . . . Parts Field Recycled . | . . . . . Retrieved Matter . | . . . . . Parts Self-Destructed . | . . . . . Prevented . | . . . . . Kills | -11 -10 -10 -10 -9 ------- Run | Scr Mat Min Exi Min Combat Hostiles Destroyed 23 | . 14 3 . 6 Guns 14 | . 14 . . . AOE 9 | . . 3 . 6 Classes Destroyed 9 | 3 5 . . 1 Worker 2 | 2 . . . . Tunneler 2 | 2 . . . . Hauler 1 | . 1 . . . Recycler 1 | 1 . . . . Operator 1 | . 1 . . . Watcher 1 | . 1 . . . Swarmer 6 | . 3 3 . . Grunt 11 | . 11 . . . Assembled 6 | . . . . 6 Best Kill Streak 6 | 1 4 3 . 6 Combat Bots Only 6 | . 4 3 . 6 Max Kills in Single Turn 3 | 1 2 3 . 1 Gunslinging 1 | . 1 . . . Exploded 3 | . . 3 . 1 Melee . | . . . . . Uniques/NPCs Destroyed . | . . . . . Combat | -11 -10 -10 -10 -9 -------- Run | Scr Mat Min Exi Min Damage Taken 919 | . 707 . . 212 Core 255 | . 182 . . 73 Absorbed by Shields . | . . . . . Core Remaining (%) 100 | 100 . . . . Volleys Fired 77 | 13 54 1 . 9 Largest 2 | 2 2 1 . 1 Hottest 70 | 60 70 30 . 30 Shots Fired 144 | 26 108 1 . 9 Gun 134 | 26 108 . . . Cannon . | . . . . . Launcher 10 | . . 1 . 9 Special . | . . . . . Kinetic 71 | 13 58 . . . Thermal 63 | 13 50 . . . Explosive 10 | . . 1 . 9 Electromagnetic . | . . . . . Robot Hit Streak 16 | 7 16 6 . . Robot Miss Streak 2 | 1 2 . . 1 Penetration Max . | . . . . . Secondary Targets 1 | . 1 . . . Max Gunslinging Chain 1 | . 1 . . . Shots Hit Robots 98 | 16 81 1 . . Core Hits 55 | 8 35 3 . 9 Critical Hits . | . . . . . Critical Kills . | . . . . . Critical Parts Destroyed . | . . . . . Melee Attacks . | . . . . . Impact . | . . . . . Slashing . | . . . . . Piercing . | . . . . . Sneak Attacks . | . . . . . Combat Hostiles . | . . . . . Follow-up Attacks . | . . . . . Damage Inflicted 1569 | 143 870 216 . 340 Guns 1013 | 143 870 . . . Cannons . | . . . . . Explosions 556 | . . 216 . 340 Melee . | . . . . . Ramming . | . . . . . Kinetic 393 | 68 325 . . . Thermal 674 | 75 545 54 . . Explosive 502 | . . 162 . 340 Electromagnetic . | . . . . . Impact . | . . . . . Slashing . | . . . . . Piercing . | . . . . . Highest Corruption . | . . . . . Average Corruption . | . . . . . Corruption Purged . | . . . . . Overload Shots . | . . . . . Overflow Damage 26 | . 6 20 . . Projectiles . | . . . . . Explosions 26 | . 6 20 . . Melee . | . . . . . Knockbacks . | . . . . . Impact . | . . . . . Kinetic . | . . . . . Secondary . | . . . . . Self-Inflicted Damage 80 | . 80 . . . Shots 2 | . 2 . . . Rammed . | . . . . . Targets Rammed . | . . . . . Kicked . | . . . . . Crushed . | . . . . . Highest Temperature 182 | 40 182 . . . Average Temperature 55 | 15 62 . . . Received Heat Transfer 339 | . 339 . . . Siege Activations . | . . . . . Robots Corrupted . | . . . . . Combat Hostiles . | . . . . . Parts Fried . | . . . . . Impact Corruptions . | . . . . . Robots Melted . | . . . . . Combat Hostiles . | . . . . . Parts Melted 1 | . 1 . . . Heat Transferred 1699 | 175 1474 50 . . Parts Sabotaged . | . . . . . Parts Stolen . | . . . . . Parts Stripped . | . . . . . Power Chain Reactions 1 | . 1 . . . Missiles Intercepted . | . . . . . Alert | -11 -10 -10 -10 -9 ------- Run | Scr Mat Min Exi Min Peak Influence 330 | 25 330 148 . 30 Initial 48 | . 16 48 . . Average 125 | 11 148 148 . 23 Maximum Alert Level 1 | . 1 . . . Low Security (%) 82 | 100 77 100 . 100 Level 1 17 | . 22 . . . Level 2 . | . . . . . Level 3 . | . . . . . Level 4 . | . . . . . Level 5 . | . . . . . High Security . | . . . . . Max Security . | . . . . . Squads Dispatched 4 | . 4 . . . Investigation 1 | . 1 . . . Extermination . | . . . . . Reinforcement 3 | . 3 . . . Assault . | . . . . . Garrison . | . . . . . Intercept . | . . . . . Construction Impeded . | . . . . . Haulers Reinforced . | . . . . . Stealth | -11 -10 -10 -10 -9 --------- Run | Scr Mat Min Exi Min Distress Signals 1 | . 1 . . . Communications Jammed . | . . . . . Distress Signals . | . . . . . Times Spotted 32 | . 24 . . 8 Peak Tracking Total 13 | . 4 . . 13 Tactical Retreats 1 | . . . . 1 Traps | -11 -10 -10 -10 -9 ------- Run | Scr Mat Min Exi Min Traps Triggered 1 | . 1 . . . Indirectly . | . . . . . Trap Hack Attempts . | . . . . . Triggered . | . . . . . Disarmed . | . . . . . Reprogrammed . | . . . . . Reused . | . . . . . Traps Extracted . | . . . . . Installed . | . . . . . Triggered . | . . . . . Machines | -11 -10 -10 -10 -9 ---------- Run | Scr Mat Min Exi Min Machines Disabled 5 | . 2 2 . 1 Max in Single Turn 2 | . 1 2 . 1 Machines Sabotaged . | . . . . . Garrisons Compromised . | . . . . . Overloaded Fab Kills . | . . . . . Fab Network Shutdowns . | . . . . . Hacking | -11 -10 -10 -10 -9 --------- Run | Scr Mat Min Exi Min Machines Accessed 8 | . 6 . 2 . Terminals 4 | . 4 . . . Fabricators . | . . . . . Repair Stations 1 | . 1 . . . Recycling Units 1 | . 1 . . . Scanalyzers . | . . . . . Garrison Access . | . . . . . Total Hacks 16 | . 14 . 2 . Successful 13 | . 11 . 2 . Failed 3 | . 3 . . . Catastrophic . | . . . . . Database Lockouts . | . . . . . Manual 9 | . 8 . 1 . Terminals 9 | . 9 . . . Fabricators . | . . . . . Repair Stations 4 | . 4 . . . Recycling Units 1 | . 1 . . . Scanalyzers . | . . . . . Garrison Access . | . . . . . Terminal Hacks 4 | . 2 . 2 . Record 2 | . . . 2 . Prototype ID Bank 1 | . 1 . . . Branch Access Points 1 | . 1 . . . Fabricator Hacks . | . . . . . Repair Station Hacks 4 | . 4 . . . Scan Component 2 | . 2 . . . Repair 2 | . 2 . . . Recycling Unit Hacks . | . . . . . Scanalyzer . | . . . . . Garrison Access Hacks . | . . . . . Unauthorized Hacks 5 | . 5 . . . Terminals 4 | . 4 . . . Track 1 | . 1 . . . Botnet 3 | . 3 . . . Fabricators . | . . . . . Repair Stations . | . . . . . Recycling Units 1 | . 1 . . . Tunnel 1 | . 1 . . . Scanalyzers . | . . . . . Garrison Access . | . . . . . Data Cores Recovered . | . . . . . Used . | . . . . . Hacking Detections 5 | . 5 . . . Full Trace Events . | . . . . . Feedback Events . | . . . . . Feedback Blocked . | . . . . . Robot Schematics Acquired . | . . . . . Robots Built . | . . . . . Matter . | . . . . . Time . | . . . . . Total Robot Build Rating . | . . . . . Part Schematics Acquired . | . . . . . Parts Built . | . . . . . Matter . | . . . . . Time . | . . . . . Total Part Build Rating . | . . . . . Parts Repaired 2 | . 2 . . . Time 52 | . 52 . . . Parts Recycled . | . . . . . Recycled Matter . | . . . . . Retrieved Matter . | . . . . . Retrieved Components . | . . . . . Parts Scanalyzed . | . . . . . Part Schematics Acquired . | . . . . . Parts Damaged . | . . . . . Bothacking | -11 -10 -10 -10 -9 ------------ Run | Scr Mat Min Exi Min Used RIF Installer . | . . . . . Robots Hacked . | . . . . . Non-combat . | . . . . . Combat . | . . . . . Robot Hacks Applied . | . . . . . Relay Couplers Released . | . . . . . Robots Rewired . | . . . . . Allies Hacked . | . . . . . Hacks Repelled . | . . . . . Allies | -11 -10 -10 -10 -9 -------- Run | Scr Mat Min Exi Min Total Allies . | . . . . . Largest Group . | . . . . . Highest-Rated Group . | . . . . . Highest-Rated Ally . | . . . . . Total Orders . | . . . . . Ally Attacks . | . . . . . Total Damage . | . . . . . Kills . | . . . . . Allies Corrupted . | . . . . . Allies Melted . | . . . . . Intel | -11 -10 -10 -10 -9 ------- Run | Scr Mat Min Exi Min Robot Analysis Total . | . . . . . Derelict Logs Recovered . | . . . . . Drone Launches . | . . . . . Drone Recoveries . | . . . . . Exploration | -11 -10 -10 -10 -9 ------------- Run | Scr Mat Min Exi Min Turns Passed 1826 | 205 1077 85 429 30 Spaces Moved 816 | 98 425 47 239 7 Core 4 | 3 1 . . . Treads 812 | 95 424 47 239 7 Legs . | . . . . . Wheels . | . . . . . Hover . | . . . . . Flight . | . . . . . Fastest Speed 50 | 50 160 180 180 180 Average Speed 173 | 156 173 180 180 180 Slowest Speed 650 | 160 650 180 180 180 Overloaded Moves . | . . . . . Propulsion Burnouts . | . . . . . Robots Hopped . | . . . . . Cave-ins Triggered . | . . . . . Exploration Rate (%) 28 | 6 53 11 62 10 Regions Visited 4 Branch Regions 3 Pre-discovered Areas 1 | . 1 . . . Known Exits Taken 1 | . 1 . . . Unknown Exits Taken 3 | 1 . 1 1 . Scrap Searched . | . . . . . Spaces Dug . | . . . . . Terrain Destroyed 76 | . 2 20 . 54 Melee . | . . . . . Projectile . | . . . . . AOE 76 | . 2 20 . 54 Terrain Rammed . | . . . . . Walls Destroyed . | . . . . . Machines Disabled . | . . . . . Actions | -11 -10 -10 -10 -9 --------- Run | Scr Mat Min Exi Min Total 1093 | 123 669 47 238 16 Wait 155 | 1 154 . . . Move 812 | 97 424 46 238 7 Hop . | . . . . . Pick Up 23 | 6 17 . . . Fast Attach 13 | 6 7 . . . Attach 2 | . 2 . . . Detach . | . . . . . Swap 4 | . 4 . . . Drop 7 | . 7 . . . Fire 77 | 13 54 1 . 9 Melee . | . . . . . Ram . | . . . . . Kick . | . . . . . Crush . | . . . . . Escape Stasis . | . . . . . Rewire . | . . . . . Trap . | . . . . . Miscellaneous . | . . . . . Route ------- -11/Scrapyard -10/Materials (discovered 2 exits: *Min x2) -10/Mines -10/Exiles -9/Mines History --------- Turn | Location | Event 12 | -11/Scrapyard | Discovered new exit (range 15) 206 | -11/Scrapyard | Entered Materials 267 | -10/Materials | Discovered new exit (range 13) 302 | -10/Materials | Build established: Mutant 668 | -10/Materials | Core integrity fell below 50% 709 | -10/Materials | Repaired Lgt. Treads 737 | -10/Materials | Repaired Lgt. Assault Rifle 830 | -10/Materials | Discovered new exit (range 8) 1248 | -10/Materials | Identified exit to Mines 1283 | -10/Materials | Entered Mines 1361 | -10/Mines | Deemed a non-threat by the Exiles lab entrance 1361 | -10/Mines | Discovered new exit (range 5) 1368 | -10/Mines | Entered Exiles 1368 | -10/Exiles | Found Exiles lab abandoned 1781 | -10/Exiles | Discovered new exit (range 10) 1797 | -10/Exiles | Entered Mines 1798 | -9/Mines | Assembled infested the area 1803 | -9/Mines | Assisted by a Guerilla fighting off Assembled 1812 | -9/Mines | Core integrity fell below 20% 1827 | -9/Mines | Destroyed by as-60440 with Assembled Heavy Rifle Last Messages --------------- GOAL=ESCAPE 01798_ ALERT: Infestation in the mines, dispatching Demolisher response squad. 01798_ K-01 Serf collects debris. 01803_ A derelict emerges from the shadows: "You need to get out of here! I've been tracking a group of Assembled to figure out where they're coming from, and they're closing on this area, come on!" 01803_ Laser Drill disabled. 01805_ K-01 Serf collects debris. 01807_ as-37077 destroyed. 01809_ as-86824 destroyed. 01811_ K-01 Serf collects debris. 01812_ The unstable cave ceiling collapses. 01815_ K-01 Serf collects debris. 01815_ K-01 Serf cleans the Laser Drill. 01818_ as-60675 destroyed. 01820_ as-23502 destroyed. 01822_ as-94575 destroyed. 01824_ as-45625 destroyed. 01825_ The unstable cave ceiling collapses. Map ----- +----------------------------------------------------+ | ??????????????????????????????????????? | | ??????????????????????????????????????? | | ??????????????????????????????????????? | | ??????????????????????????????????????? | | ??????????????????????????????????????? | | ??????????????????????????????????????? | | ???????????????????????? ?????????????? | | ?????????????????????? #?#??????????? | | ???????????????????? # #?????????? | | ???????????????????? ?????????? | | ????????????????????? #?????????? | | ????????????????????? ##????????? | | ?????????????????????# a ##???????? | | ????????????????????## #???????? | | ????????????????????? #???????? | | ?????????????????????# #???????? | | ?????????????????????# ######??? | | ?????????????????????# ??? | | ?????????????????????? "" """ ??? | | ??????????????????????? "" """ #? | | ????????????????????????# """ """ #? | | ????????????????????????# #? | | ????????????????????????# """ #? | | ????????????????????????# """ #? | | ????????????????????????# """ ?? | | ????????????????????????#@ #? | | ????????????????????????# k #? | | ????????????????????????# #? | | ????????????????????????## #### ######? | | ?????????????????????????# #??? #?????? | | ?????????????????????????# #??? #?????? | | ?????????????????????????# #????#?????? | | ????????????????????????? $ ??????????? | | ?????????????????????????## ??????????? | | ??????????????????????????? ??????????? | | ??????????????????????????? ??????????? | | ??????????????????????????? ?????????? | | ??????????????????????????? ?????????? | | ???????????????????????????##?????????? | | ??????????????????????????????????????? | | ??????????????????????????????????????? | | ??????????????????????????????????????? | | ??????????????????????????????????????? | | ??????????????????????????????????????? | | ??????????????????????????????????????? | | ??????????????????????????????????????? | | ??????????????????????????????????????? | | ??????????????????????????????????????? | | ??????????????????????????????????????? | | ??????????????????????????????????????? | +----------------------------------------------------+ Best States ------------- Heat Dissipation 25 Energy Generation 12 Energy Capacity 265 Matter Stores 300 Matter Capacity 300 Sight Range 16 Terrain Scan Density 10 Evasion (%) 40 Recoil Reduction 2 Item Schematics ----------------- None Robot Schematics ------------------ None Fabricated ------------ Nothing Alien Tech Used ----------------- None Achievements -------------- None Challenges ------------ None Game ------ Seed WarpKineticNanosword Manual? 0 Play Time 00:13:22 Cumulative 112.8 hours Start 2021.12.09 @ 20:00:17 End 2021.12.09 @ 20:14:24 Sessions 1 Manual Loads 0 Difficulty Rogue Special Mode None Game No. 53 Rogue 53 Adventurer 0 Explorer 0 Win Type - Total 2 Types 1/0/0/0/1/0/0/0/0 Lore% 36 Gallery% 59 Achievement% 49 Wizard Run 0 Options --------- ASCII 0 Keyboard 0 Movement Mouse Keybinds 0 Fullscreen 0 Font 28/SmallcapsGlow Map View 72x54 Tactical HUD 1 Map Filters NONE Filters NONE Steam 1 RUN: 01c2f9ac-f4de-4ce7-a3a3-867bac7c0605